General information
- name: BNet
- type: Ladder 1vs1/FFA
- host: Battle.net
- saver: GODIEPLZ
map: SecretValley
- players: 2
- length: 19:12
- speed: Fast
- version: 1.26 W3XP
- replay type: Public
» download(73 KB)
Players
team 1 (winner)
GODIEPLZ (
blue | 144 APM | 2768 actions | 19:12)
5 Blademaster
2 Wind Walk
3 Critical Strike
4 Shadow Hunter
2 Hex
2 Healing Wave
» actions
| Assign group hotkey | 26 | |
| Basic commands | 66 | |
| Build / train | 68 | |
| ESC pressed | 1 | |
| Enter build submenu | 16 | |
| Enter hero's abilities submenu | 10 | |
| Right click | 1425 | |
| Select / deselect | 687 | |
| Select group hotkey | 353 | |
| Use ability | 116 | |
2768 total
» units
| Peon | 14 | |
| Grunt | 9 | |
| Raider | 5 | |
| Spirit Walker | 2 | |
| Troll Batrider | 1 | |
31 total
» upgrades
| Berserker Strength | 1 | |
| Ensnare | 1 | |
| Spirit Walker Training | 1 | |
| Armor | 3 | |
6 total
» buildings
| Altar of Storms | 1 | |
| Orc Burrow | 5 | |
| Barracks | 1 | |
| Voodoo Lounge | 2 | |
| Stronghold | 2 | |
| Beastiary | 2 | |
| Spirit Lodge | 2 | |
| War Mill | 1 | |
| Fortress | 1 | |
| Great Hall | 1 | |
18 total
» build order
00:04 Altar of Storms
00:07 Orc Burrow
00:24 Barracks
01:42 Orc Burrow
02:03 Voodoo Lounge
02:09 Voodoo Lounge
03:01 Stronghold
03:01 Stronghold
03:42 Orc Burrow
05:39 Beastiary
05:41 Beastiary
05:45 Spirit Lodge
06:12 War Mill
07:19 Orc Burrow
10:05 Fortress
11:32 Spirit Lodge
15:07 Great Hall
18:23 Orc Burrow
» items
| Lesser Clarity Potion | 4 | |
| Healing Salve | 5 | |
| Potion of Healing | 3 | |
| Potion of Mana | 3 | |
| Orb of Lightning | 1 | |
| Scroll of Town Portal | 1 | |
17 total
team 2 (loser)

»
DinDurian (
green | 60 APM | 1147 actions | 19:11)
3 Archmage
2 Summon Water Elemental
1 Brilliance Aura
1 Mountain King
1 Storm Bolt
1 Paladin
1 Divine Shield
» actions
| Assign group hotkey | 40 | |
| Basic commands | 4 | |
| Build / train | 57 | |
| Enter build submenu | 18 | |
| Enter hero's abilities submenu | 5 | |
| Remove unit from queue | 1 | |
| Right click | 430 | |
| Select / deselect | 235 | |
| Select group hotkey | 287 | |
| Use ability | 69 | |
1147 total
» units
| Peasant | 8 | |
| Footman | 9 | |
| Rifleman | 4 | |
| Sorceress | 5 | |
| Gryphon Rider | 6 | |
| Spell Breaker | 3 | |
35 total
» upgrades
| Lumber Harvesting | 1 | |
| Sorceress Training | 1 | |
2 total
» buildings
| Altar of Kings | 1 | |
| Barracks | 1 | |
| Farm | 7 | |
| Arcane Vault | 1 | |
| Keep | 1 | |
| Scout Tower | 2 | |
| Arcane Tower | 1 | |
| Blacksmith | 1 | |
| Lumber Mill | 1 | |
| Arcane Sanctum | 1 | |
| Gryphon Aviary | 1 | |
| Castle | 1 | |
19 total
» build order
00:08 Altar of Kings
00:28 Barracks
00:43 Farm
01:13 Farm
01:56 Farm
02:12 Arcane Vault
03:28 Keep
03:50 Farm
04:01 Scout Tower
04:34 Arcane Tower
04:39 Blacksmith
05:50 Lumber Mill
06:11 Arcane Sanctum
06:18 Farm
06:19 Farm
10:00 Gryphon Aviary
10:02 Castle
11:32 Farm
14:52 Scout Tower
» items
| Scroll of Regeneration | 3 | |
| Lesser Clarity Potion | 2 | |
| Potion of Healing | 3 | |
| Scroll of Town Portal | 1 | |
9 total
Chat log
(17:59 / All) GODIEPLZ: rofl
(18:56 / All) DinDurian: gg
(19:01 / All) DinDurian: nice micro
(19:04 / All) GODIEPLZ: gg